 Dungeon Crawl Stone Soup version 0.18-a0-1542-g9c1a92e (webtiles) character file.

1420 Kidiri the Thaumaturge (level 8, -2/42 HPs)
             Began as a Deep Elf Fire Elementalist on Mar 10, 2016.
             Was an Initiate of Vehumet.
             Killed by divine providence
             ... invoked by an orc priest
              (15 damage)
             ... on level 5 of the Dungeon.
             The game lasted 00:20:16 (6130 turns).

Kidiri the Thaumaturge (Deep Elf Fire Elementalist) Turns: 6130, Time: 00:20:19

Health: -2/42      AC:  6    Str:  8    XL:     8   Next: 43%
Magic:  6/22       EV: 20    Int: 23    God:    Vehumet [......]
Gold:   245        SH:  0    Dex: 15    Spells: 6 memorised, 5 levels left

rFire  . . .     SeeInvis .     p - -1 dagger (curse)
rCold  . . .     Gourm    .     w - +0 robe (curse)
rNeg   . . .     Faith    .     (no shield)
rPois  .         Spirit   .     d - +0 helmet
rElec  .         Dismiss  .     (no cloak)
rCorr  .         Reflect  .     n - +1 pair of gloves
SustAt .         Harm     .     i - +0 pair of boots
MR     .....                    (no amulet)
Stlth  +++.......               o - +3 ring of strength
                                q - +5 ring of evasion

@: very slightly contaminated, not resistant to hostile enchantments, fairly
stealthy
A: no striking features
a: Renounce Religion


You were on level 5 of the Dungeon.
You worshipped Vehumet.
Vehumet was noncommittal.
You were hungry.

You visited 1 branch of the dungeon, and saw 5 of its levels.

You collected 245 gold pieces.

Inventory:

Hand Weapons
 p - a cursed -1 dagger (weapon)
 u - a +2 long sword of pain
Armour
 d - a +0 helmet (worn)
 i - a +0 pair of boots (worn)
 n - a +1 pair of gloves (worn)
 w - a cursed +0 robe (worn)
Jewellery
 o - a +3 ring of strength (right hand)
 q - a +5 ring of evasion (left hand)
Wands
 k - a wand of disintegration (0/24)
Scrolls
 h - a scroll of recharging {unknown}
 t - 2 scrolls of teleportation
Potions
 e - a potion of curing
 f - a potion of flight
 g - a potion of might
 m - a potion of haste
 r - 2 potions of magic {unknown}
 v - a potion of lignification {unknown}
Books
 b - a book of Flames

   Spells                             Type                      Level
   a - Flame Tongue                   Conjuration/Fire             1
   b - Throw Flame                    Conjuration/Fire             2
   c - Conjure Flame                  Conjuration/Fire             3
   d - Inner Flame                    Hexes/Fire                   3
   e - Sticky Flame                   Conjuration/Fire             4
   f - Fireball                       Conjuration/Fire             5
Comestibles
 a - 4 chunks of flesh
 c - 4 bread rations
 j - a slice of pizza
 l - 3 beef jerkies
 s - a royal jelly


   Skills:
 + Level 0.8 Fighting
 + Level 5.1 Dodging
 + Level 5.6 Stealth
 * Level 8.2 Spellcasting
 + Level 4.1 Conjurations
 + Level 4.3 Hexes
 + Level 5.3 Fire Magic


You had 5 spell levels left.
You knew the following spells:

 Your Spells              Type           Power        Failure   Level  Hunger
a - Flame Tongue          Conj/Fire      ####.        1%          1    None
b - Throw Flame           Conj/Fire      ####..       1%          2    None
c - Conjure Flame         Conj/Fire      ####....     3%          3    None
d - Inner Flame           Hex/Fire       ####....     3%          3    None
e - Sticky Flame          Conj/Fire      ####....     12%         4    ###....
f - Fireball              Conj/Fire      ####......   30%         5    #####..


Dungeon Overview and Level Annotations

Branches:
Dungeon (5/15)
 Temple: D:4-7

Altars:
Elyvilon
Gozag
Pakellas
Qazlal
Ru
Sif Muna
Trog
Vehumet
The Shining One

Annotations:
D:5 Grinder


Message History

The orc priest is moderately wounded.
The orc priest invokes the aid of Beogh against you.
Beogh smites you!
* * * LOW HITPOINT WARNING * * *
Unknown command.
Drink which item? (? for menu, Esc to quit)
You feel better. The orc priest misses you.
Casting: Flame Tongue
Confirm with . or Enter, or press ? or * to list all spells.
Aiming: Sticky Flame
Press: ? - help, Shift-Dir - straight line, f/p - orc priest
Aim: an orc priest, wearing a glowing leather armour (moderately wounded)
The sticky flame hits the orc priest.
The orc priest is severely wounded.
The orc priest is covered in liquid flames!
You are feeling hungry.
The orc priest burns!
The orc priest calls down the wrath of Beogh upon you.
Beogh smites you!
You die...

...... #.# ##.... .....
#.# ......
....##.##...... ###
#.........# #..
#.)....5..# ..
#...$.....####### ..
#.......#...#.... #.
######o####...#.##.# #.
#.....@.###...#.##..##.
#.........'...........)
#.......###.....####'##
#.......#......#8..#...
#....>..#.#....#....#..
#.......#......#...#...
#.......#......##.#.#.#
........#......'.#.#.#.
.....####......#....#..


You could see Grinder and an orc priest (burning).

Vanquished Creatures
  Sigmund (D:4)
  The ghost of namelastname112 the Pure, an amateur DrAK of Lugonu (D:4)
  Menkaure (D:5)
  Edmund (D:4)
  Duvessa (D:4)
  A sky beast (D:5)
  2 ogres (D:4)
  The ghost of Cenon the Shooter, an amateur HEHu of the Shining One (D:3)
  Dowan (D:4)
  A crimson imp (D:4)
  3 orc priests
  An orc wizard (D:3)
  2 worker ants (D:5)
  Robin (D:4)
  9 adders
  A shadow imp (D:5)
  2 worms (D:2)
  4 dart slugs
  A giant gecko (D:3)
  20 orcs
  14 goblins
  9 hobgoblins
  2 jackals (D:5)
  3 kobolds
  A quokka (D:4)
  2 ball pythons
  7 bats
  A giant gecko skeleton (D:5)
  7 giant newts
  12 rats
113 creatures vanquished.

Notes
Turn   | Place    | Note
--------------------------------------------------------------
     0 | D:1      | Kidiri the Deep Elf Fire Elementalist began the quest for the Orb.
     0 | D:1      | Reached XP level 1. HP: 10/10 MP: 6/6
   385 | D:1      | Reached XP level 2. HP: 15/15 MP: 2/8
   389 | D:1      | Learned a level 2 spell: Throw Flame
  1172 | D:2      | Reached XP level 3. HP: 19/19 MP: 7/10
  1177 | D:2      | Learned a level 3 spell: Conjure Flame
  1181 | D:2      | Learned a level 3 spell: Inner Flame
  1531 | D:2      | Reached skill level 4 in Spellcasting
  2143 | D:3      | Found a stormy altar of Qazlal.
  2263 | D:3      | Reached XP level 4. HP: 24/24 MP: 8/12
  2442 | D:3      | Noticed an air elemental
  2442 | D:3      | Noticed a water elemental
  2443 | D:3      | Noticed a fire elemental
  2443 | D:3      | Noticed an earth elemental
  2503 | D:3      | Noticed Cenon's ghost (amateur HEHu)
  2511 | D:3      | Killed Cenon's ghost
  2511 | D:3      | Reached skill level 1 in Hexes
  2511 | D:3      | Reached XP level 5. HP: 28/28 MP: 1/14
  2553 | D:3      | Learned a level 4 spell: Sticky Flame
  2889 | D:3      | Reached skill level 5 in Spellcasting
  3445 | D:3      | Reached XP level 6. HP: 18/32 MP: 0/16
  4489 | D:4      | Noticed Duvessa
  4490 | D:4      | Noticed Dowan
  4492 | D:4      | Reached skill level 6 in Spellcasting
  4496 | D:4      | Killed Dowan
  4496 | D:4      | Killed Duvessa
  4496 | D:4      | Reached XP level 7. HP: 36/36 MP: 5/18
  4501 | D:4      | Noticed Sigmund
  4524 | D:4      | Noticed namelastname112's ghost (amateur DrAK)
  4548 | D:4      | Noticed Robin
  4563 | D:4      | Killed namelastname112's ghost
  4573 | D:4      | Noticed Edmund
  4695 | D:3      | Learned a level 5 spell: Fireball
  4902 | D:4      | Killed Sigmund
  4902 | D:4      | Reached skill level 5 in Stealth
  4902 | D:4      | Reached skill level 7 in Spellcasting
  4902 | D:4      | Reached skill level 5 in Fire Magic
  5054 | D:4      | Found a glowing golden altar of the Shining One.
  5056 | D:4      | Found a sacrificial altar of Ru.
  5060 | D:4      | Killed Robin
  5060 | D:4      | Killed Edmund
  5060 | D:4      | Reached XP level 8. HP: 41/41 MP: 4/21
  5068 | D:4      | Found a radiant altar of Vehumet.
  5069 | D:4      | Found a deep blue altar of Sif Muna.
  5069 | D:4      | Found a bloodstained altar of Trog.
  5069 | D:4      | Found an opulent altar of Gozag.
  5070 | D:4      | Found a white marble altar of Elyvilon.
  5075 | D:4      | Found a stormy altar of Qazlal.
  5112 | D:4      | Became a worshipper of Vehumet
  5413 | D:5      | Entered Level 5 of the Dungeon
  5726 | D:5      | Noticed Menkaure
  5741 | D:5      | Killed Menkaure
  5834 | D:5      | Reached skill level 5 in Dodging
  5926 | D:5      | Reached skill level 8 in Spellcasting
  6065 | D:5      | Found an oddly glowing altar of Pakellas.
  6116 | D:5      | Noticed Grinder
  6130 | D:5      | Killed from afar by an orc priest

Vault maps used:
D:1:      tarquinn_simple_flora_water_e, minivault_26
D:2:      first_bread
D:3:      nicolae_qazlal_style_of_elements
D:4:      grunt_temple_overflow_open, minivault_26, kennysheep_nondescript,
          uniq_duvessa, uniq_edmund, uniq_sigmund, uniq_robin
D:5:      minmay_stone_trees_small, minivault_1, grunt_decor_cap,
          grunt_pakellas_basics, uniq_grinder, uniq_menkaure

Skill      XL: |  1  2  3  4  5  6  7  8 |
---------------+-------------------------+-----
Stealth        | 3 4 5 |  5.6
Spellcasting   | 4 5 6 7 8 |  8.2
Dodging        | 3 4 5 |  5.1
Conjurations   | 2 3 4 |  4.1
Hexes          | 1 2 3 4 |  4.3
Fire Magic     | 4 5 |  5.3
Fighting       | |  0.8

Action                   |  1- 3 |  4- 6 |  7- 9 || total
-------------------------+-------+-------+-------++-------
Melee: Unarmed           |     2 |       |       ||     2
       Short sword       |     5 |    15 |       ||    20
       Dagger            |       |     4 |    87 ||    91
 Cast: Flame Tongue      |    47 |    47 |    47 ||   141
       Throw Flame       |    20 |    17 |    13 ||    50
       Inner Flame       |       |     7 |     2 ||     9
       Conjure Flame     |       |     5 |     6 ||    11
       Sticky Flame      |       |     1 |     3 ||     4
       Fireball          |       |       |     1 ||     1
Evoke: Wand              |       |     1 |     5 ||     6
  Use: Scroll            |     6 |     3 |     3 ||    12
       Potion            |       |       |     5 ||     5
 Stab: Sleeping          |     1 |     1 |     1 ||     3
       Invisible         |       |       |     3 ||     3
  Eat: Chunk             |     4 |     5 |     4 ||    13
       Meat ration       |       |     1 |       ||     1
